Map: Arctic Flowers LE

Players

Computer

  • Race: Zerg Zerg
  • Spawn Location: 1:00

Speedking

  • Race: Terran Terran
  • Spawn Location: 1:00

David (iPlayDefense)

  • Race: Terran Terran
  • Spawn Location: 7:00

jose

  • Race: Terran Terran
  • Spawn Location: 7:00

VOD

Have the link to the VOD?

Description

Time

  • Played on: April 10, 2025, 12:27 p.m.
  • Length: 7:50
Show
View Real Time Build Order
Export as new Build Order

Computer Zerg 

Build Orders:  

Get SALT Encoding   

  12  0:17  Overlord  
  12  0:18  Drone  
  12  0:19  Drone  
  14  0:35  Extractor  
  13  0:39  Extractor  
  12  0:56  Drone x3  
  15  1:21  Overlord x2  
  15  1:47  Drone  
  16  1:55  Drone  
  16  1:56  Drone  
  18  2:13  Drone  
  18  2:14  Drone  
  20  2:52  Drone x2  
  20  2:56  Drone  
  23  4:37  Drone x2  
  25  4:39  Drone  
Show
View Real Time Build Order
Export as new Build Order

Speedking Terran 

Build Orders: 2 Factory, Mech 

Get SALT Encoding   

  12  0:01  SCV  
  13  0:15  Supply Depot  
  13  0:31  Supply Depot  
  13  0:42  Barracks  
  13  0:44  Barracks  
  13  0:46  SCV  
  14  0:50  Refinery  
  14  0:58  SCV  
  15  1:10  SCV  
  16  1:12  Barracks  
  16  1:15  Refinery  
  16  1:22  SCV  
  17  1:35  SCV  
  17  1:38  Barracks Reactor  
  18  1:41  Barracks Reactor  
  18  1:45  Factory  
  18  1:47  SCV  
  19  1:59  SCV  
  20  2:01  Barracks Reactor  
  20  2:09  Factory  
  20  2:11  SCV  
  21  2:23  SCV  
  21  2:24  Marine x3  
  25  2:31  Factory Tech Lab  
  25  2:35  SCV  
  26  2:42  Factory  
  26  2:44  Marine  
  26  2:45  Starport  
  26  2:47  Marine  
  26  2:49  SCV  
  29  3:01  SCV  
  30  3:06  Factory Tech Lab  
  30  3:13  Supply Depot, SCV  
  30  3:15  Supply Depot  
  30  3:19  Supply Depot  
  31  3:26  Orbital Command  
  31  3:27  Supply Depot  
  31  3:34  Marine x5  
  31  3:35  Siege Tank  
  31  3:38  Siege Tank  
  42  3:42  Supply Depot  
  42  3:51  Supply Depot  
  42  3:54  Marine x3  
  42  3:55  Marine  
  46  4:04  Barracks  
  46  4:07  Siege Tank, Starport Reactor  
  46  4:09  Starport  
  49  4:19  Siege Tank  
  52  4:26  Starport, Factory Tech Lab  
  52  4:30  Marine x2  
  54  4:31  Marine  
  54  4:34  SCV  
  56  4:39  Siege Tank  
  56  4:43  Medivac  
  56  4:45  Medivac  
  63  4:51  Siege Tank  
  66  4:55  Supply Depot  
  66  5:01  Siege Tank  
  66  5:02  Marine  
  66  5:03  Marine  
  66  5:05  Starport Reactor  
  66  5:06  Starport Reactor  
  71  5:08  SCV  
  72  5:18  Supply Depot  
  72  5:23  Medivac x2  
  72  5:26  Siege Tank  
  72  5:27  Siege Tank  
  82  5:33  Siege Tank  
  85  5:41  Marine x6  
  85  5:42  Supply Depot  
  91  5:43  Medivac  
  93  5:52  Medivac  
  95  6:03  Marine x3, Medivac  
  95  6:04  Siege Tank  
  103  6:13  Supply Depot  
  102  6:29  Medivac  
  101  6:37  Supply Depot, Engineering Bay  
  99  7:01  Supply Depot  
  98  7:07  Missile Turret  
  82  7:25  Marine x4  
  82  7:26  Marine x2, Missile Turret  
Show
View Real Time Build Order
Export as new Build Order

David Terran 

Build Orders:  

Get SALT Encoding   

  12  0:00  SCV  
  13  0:13  SCV  
  14  0:20  Supply Depot  
  14  0:43  Barracks  
  14  0:49  SCV, Refinery  
  15  1:01  SCV  
  16  1:32  SCV  
  17  1:40  Command Center  
  17  1:44  SCV  
  18  1:48  Supply Depot  
  18  1:51  Barracks Reactor  
  18  1:58  Orbital Command  
  18  2:04  Engineering Bay  
  18  2:27  Supply Depot, SCV  
  19  2:39  SCV  
  20  2:45  Marine  
  20  2:46  Marine  
  22  2:51  SCV  
  22  2:58  Barracks  
  23  3:03  SCV, Marine x2  
  26  3:08  SCV  
  27  3:20  SCV, Barracks  
  28  3:27  SCV  
  28  3:32  SCV  
  30  3:39  SCV, Terran Infantry Weapons Level 1  
  30  3:41  Supply Depot  
  31  3:45  SCV  
  32  3:52  Barracks Tech Lab, Factory  
  32  3:57  Marine x2  
  34  4:07  Barracks Tech Lab  
  34  4:12  Factory  
  34  4:15  Marine x2  
  36  4:22  Supply Depot  
  36  4:24  SCV  
  36  4:25  SCV  
  38  4:33  Marine  
  38  4:36  SCV  
  38  4:37  SCV  
  41  4:38  Combat Shield  
  41  4:48  SCV  
  41  4:49  SCV  
  43  4:57  Refinery  
  43  5:00  SCV  
  43  5:01  SCV  
  45  5:13  SCV  
  46  5:19  Factory Tech Lab  
  46  5:25  Armory  
  46  5:27  SCV  
  47  5:29  SCV  
  47  5:34  Factory Tech Lab  
  48  5:39  SCV  
  49  5:44  Marine x2  
  49  5:48  Marauder x2  
  55  6:01  Marine  
  55  6:02  Marine  
  57  6:07  Refinery  
  57  6:09  Marauder  
  57  6:10  Marauder  
  61  6:19  Marine  
  61  6:20  Marine  
  61  6:22  Starport  
  63  6:31  Marauder  
  65  6:33  Refinery  
  65  6:37  Marine x2  
  67  6:45  Orbital Command  
  67  6:51  SCV  
  68  6:55  Marine x2  
  70  7:19  Supply Depot  
  70  7:41  Supply Depot  
Show
View Real Time Build Order
Export as new Build Order

jose Terran 

Build Orders:  

Get SALT Encoding   

  12  0:01  SCV  
  13  0:14  SCV  
  14  0:29  Supply Depot  
  14  0:31  SCV  
  14  0:35  Refinery  
  15  0:38  Refinery  
  15  0:51  SCV  
  15  0:56  Barracks  
  16  1:03  SCV  
  17  1:15  SCV  
  18  1:30  SCV  
  19  1:42  SCV  
  20  1:53  Supply Depot  
  20  2:00  Supply Depot  
  20  2:02  Marine  
  21  2:12  SCV  
  21  2:13  Factory  
  22  2:19  Marine  
  23  2:24  SCV  
  24  2:34  Supply Depot  
  24  2:45  Supply Depot  
  24  2:47  Marine  
  25  2:55  SCV  
  26  3:07  SCV, Starport  
  26  3:10  Starport  
  27  3:18  Starport  
  27  3:19  SCV  
  28  3:20  Marine  
  29  3:31  SCV  
  30  3:38  Marine  
  31  3:43  Supply Depot, SCV  
  32  3:52  Starport Tech Lab  
  32  3:55  Starport Tech Lab x2  
  32  4:04  Marine  
  33  4:18  Supply Depot  
  33  4:20  Banshee  
  33  4:21  Banshee  
  33  4:22  Marine  
  40  4:25  Cloaking Field  
  40  4:31  Hyperflight Rotors  
  40  4:33  Banshee  
  43  4:40  Marine  
  44  4:47  Engineering Bay  
  44  4:57  Marine  
  45  5:15  Marine  
  46  5:22  Command Center  
  46  5:23  Viking  
  48  5:30  Viking  
  50  5:40  Viking  
  52  5:46  SCV  
  53  5:59  SCV  
  54  6:11  SCV  
Tags
 
Composition
Mech
Opening
2 Factory
Replay Pack
DaveSC2
Add a new tag
Caveats
  • Supply blocks, unpowered buildings, or Contaminate may cause inaccurate times.
  • Supply counts are checked every 10 seconds.